 Dungeon Crawl Stone Soup version 0.30.0-29-ga12c61a403 (webtiles) character file.

Game seed: 5838659000091448042

567 qw the Chopper (level 7, -3/43 HPs)
             Began as a Gargoyle Fighter on June 4, 2023.
             Killed by divine providence
             ... invoked by an orc priest
              (8 damage)
             ... on level 5 of the Dungeon.
             The game lasted 00:02:07 (3889 turns).

qw the Chopper (Gargoyle Fighter)                   Turns: 3889, Time: 00:02:08

Health: -3/43      AC: 17    Str: 27      XL:     7   Next: 33%
Magic:  7/7        EV:  7    Int:  9      God:
Gold:   161        SH:  4    Dex:  7 (9)  Spells: 6/6 levels left

rFire   . . .        Y - +0 war axe (flame)
rCold   . . .        c - +0 buckler
rNeg    + . .        k - +0 plate armour
rPois   inf          (no helmet)
rElec   +            (no cloak)
rCorr   .            (no gloves)
SInv    .            f - +0 pair of boots
Will    .....        h - amulet of faith Stlth
                     m - +6 ring of strength
HPRegen 0.27/turn    (no ring)
MPRegen 0.10/turn

%: faith
@: no status effects
A: sickness immunity, AC +4, negative energy resistance 1, electricity
resistance, torment resistance 1, petrification resistance
a: no special abilities


You were on level 5 of the Dungeon.
You visited 2 branches of the dungeon, and saw 6 of its levels.

You collected 161 gold pieces.


Innate Abilities, Weirdness & Mutations

You are immune to sickness and miasma.
Your stone body is resilient. (AC +4)
You are immune to poison.
You resist negative energy. (rN+)
You are resistant to electric shocks. (rElec)
You are resistant to unholy torment.
You are immune to petrification.


   Skills:
 - Level 4.0 Fighting
 + Level 6.6 Axes
 - Level 3.2 Armour
 - Level 1.5 Dodging
 - Level 3.2 Shields


You had 6 spell levels left.
You didn't know any spells.
Your spell library was empty.

Inventory:

Hand Weapons
 Y - a +0 war axe of flaming (weapon)
Armour
 c - a +0 buckler (worn)
 f - a +0 pair of boots (worn)
 k - a +0 plate armour (worn)
Jewellery
 h - an amulet of faith (around neck)
 l - an amulet of reflection
 m - a +6 ring of strength (left hand)
Wands
 b - a wand of digging (8)
Scrolls
 i - a scroll of identify
Potions
 a - a potion of mutation {unknown}
 d - 2 potions of might
 e - 4 potions of curing
 g - a potion of brilliance {unknown}
 j - a potion of ambrosia {unknown}
 p - a potion of heal wounds {unknown}

Dungeon Overview and Level Annotations

Branches:
Dungeon (5/15)             Temple (1/1) D:4

Altars:
Dithmenos
Elyvilon
Fedhas
Kikubaaqudgha
Makhleb
Qazlal
Ru
Sif Muna
Trog
Vehumet
Wu Jian
Xom
Yredelemnul
Zin


Message History

The howler monkey is moderately wounded.
The howler monkey barely misses you. The orc hits you but does no damage.
The howler monkey hits you but does no damage.
The orc hits you from afar with a +0 trident!
An orc priest comes into view. It is wielding a +0 short sword.
A shadow imp comes into view.
You barely miss the howler monkey.
The howler monkey is moderately wounded.
You slash the orc! You burn the orc.
You kill the orc!
The howler monkey hits you but does no damage.
A gnoll bouda comes into view. It is wielding a +0 club.
The orc hits you from afar with a +0 trident.
You closely miss the howler monkey.
The howler monkey is moderately wounded.
The howler monkey barely misses you. The orc hits you but does no damage.
The howler monkey hoots and howls with incredible vigour!
You hear a shout! x2; You hear a chilling moan.
You hear an angry growl. x2
You closely miss the howler monkey.
The howler monkey is moderately wounded.
You barely miss the quasit. The orc barely misses you.
The gnoll bouda barks out a call to the hunt!
You block the howler monkey's attack.
You closely miss the howler monkey.
The howler monkey is moderately wounded.
You hit the quasit but do no damage. You completely miss the quasit.
The quasit bites you but does no damage.
The quasit claws you.
You feel clumsy. You block the quasit's attack. The quasit barely misses you.
The quasit claws you.
You feel clumsy.
The quasit claws you but does no damage.
The howler monkey hits you. The orc hits you but does no damage.
A gnoll comes into view. It is wielding a +0 spear.
The gnoll bouda barks out a call to the hunt!
The orc priest invokes the aid of Beogh against you.
Beogh smites you!
You die...

...¤¤¤..#....#.
...............
..[..........#
#..o...5.....##
..(.........#
#.........# .>
#.o55....#
...#..h@##
........)#
##.....<.###
#.........#
.g.......###
g####....#
#..#..#
...##.## ....
###


You could see a gnoll bouda, a howler monkey, an orc priest, 2 quasits, a gnoll
(swift), a shadow imp and an orc.

Vanquished Creatures
  A black bear (D:5)
  A jelly (D:4)
  3 hounds (D:5)
  2 iguanas
  An orc wizard (D:4)
  Terence (D:3)
  5 gnolls
  5 adders
  3 white imps (D:5)
  5 ufetubi
  A worm (D:2)
  A dart slug (D:3)
  9 orcs
  7 ball pythons
  6 bats
  7 endoplasms
  4 giant cockroaches
  5 goblins
  15 hobgoblins
  6 jackals
  7 kobolds
  5 quokkas
  5 frilled lizards
  9 rats
114 creatures vanquished.

Notes
Turn   | Place    | Note
-------+----------+-------------------------------------------
     0 | D:1      | qw the Gargoyle Fighter began the quest for the Orb.
     0 | D:1      | Reached XP level 1. HP: 14/14 MP: 1/1
     0 | D:1      | 0 ||| qw: Version: 0.2-a-107-g4668610
     0 | D:1      | 0 ||| qw: Game counter: 1318
     0 | D:1      | 0 ||| qw: Always use a shield: true
     0 | D:1      | 0 ||| qw: God list: Okawaru
     0 | D:1      | 0 ||| qw: Allow faded altars: false
     0 | D:1      | 0 ||| qw: Do Orc after D:15 true
     0 | D:1      | 0 ||| qw: Do second Lair branch before Depths: true
     0 | D:1      | 0 ||| qw: Lair rune preference: random
     0 | D:1      | 0 ||| qw: Plans: Normal, Zot:1-4, Slime:5, God:TSO, Crypt,
                  | Tomb, Abyss, Pan, Hells, Win
     0 | D:1      | 0 ||| PLANNING D:1-11
    74 | D:1      | Reached skill level 2 in Axes
   114 | D:1      | Reached XP level 2. HP: 14/19 MP: 2/2
   468 | D:1      | Reached skill level 3 in Axes
   552 | D:1      | 552 ||| Stepping ~*~*~tactically~*~*~ (stealth).
   554 | D:1      | 554 ||| Stepping ~*~*~tactically~*~*~ (stealth).
   586 | D:1      | Reached XP level 3. HP: 23/23 MP: 3/3
   696 | D:1      | 696 ||| READING scroll labelled BADGHI WEYHALU.
   697 | D:1      | 697 ||| DROPPING +0 whip.
   983 | D:2      | Reached XP level 4. HP: 28/28 MP: 4/4
  1063 | D:2      | 1063 ||| Stepping ~*~*~tactically~*~*~ (stealth).
  1072 | D:2      | Reached skill level 4 in Axes
  1521 | D:2      | 1521 ||| Stepping ~*~*~tactically~*~*~ (stealth).
  1523 | D:2      | 1523 ||| Stepping ~*~*~tactically~*~*~ (stealth).
  1660 | D:2      | Identified the +4 flail "Acynugu" {freeze, rC+ Str-2 Int+6}
  1789 | D:2      | 1789 ||| UPGRADING to +0 plate armour.
  1799 | D:2      | 1799 ||| DROPPING +0 scale mail.
  1800 | D:2      | 1800 ||| DROPPING ring of magical power.
  1801 | D:2      | 1801 ||| READING scroll labelled RAOL MOFUFASES.
  1902 | D:2      | 1902 ||| READING scroll labelled FEJOON POOSETO.
  1903 | D:2      | 1903 ||| READING 2 scrolls labelled LETITU GIPNYIWN.
  1904 | D:2      | 1904 ||| READING scroll labelled AXOECE LIHUH.
  1954 | D:3      | Noticed Terence
  1954 | D:3      | Found a faded altar of an unknown god.
  1961 | D:3      | Killed Terence
  1963 | D:3      | Reached XP level 5. HP: 14/32 MP: 5/5
  1987 | D:3      | 1987 ||| FLEEEEING.
  1988 | D:3      | 1988 ||| STAIRDANCE
  2133 | D:3      | Found a bloodstained altar of Trog.
  2356 | D:3      | Found an ornate altar of the Wu Jian Council.
  2401 | D:3      | 2401 ||| Stepping ~*~*~tactically~*~*~ (stealth).
  2404 | D:3      | 2404 ||| Stepping ~*~*~tactically~*~*~ (stealth).
  2415 | D:3      | 2415 ||| Stepping ~*~*~tactically~*~*~ (stealth).
  2417 | D:3      | 2417 ||| Stepping ~*~*~tactically~*~*~ (stealth).
  2418 | D:3      | 2418 ||| Stepping ~*~*~tactically~*~*~ (stealth).
  2419 | D:3      | 2419 ||| Stepping ~*~*~tactically~*~*~ (stealth).
  2977 | D:3      | 2977 ||| UPGRADING to +0 pair of boots.
  2982 | D:3      | 2982 ||| UPGRADING to amulet of faith.
  2987 | D:3      | 2987 ||| UPGRADING to +6 ring of strength.
  2988 | D:3      | 2988 ||| READING scroll labelled DUMPOCZUKA.
  2989 | D:3      | 2989 ||| READING scroll labelled XUTHEOHO MOKHLO.
  2990 | D:3      | 2990 ||| READING scroll labelled RESAHE DUENO.
  3021 | D:4      | 3021 ||| STAIRDANCE
  3029 | D:3      | Reached skill level 5 in Axes
  3159 | D:4      | 3159 ||| Stepping ~*~*~tactically~*~*~ (stealth).
  3205 | D:4      | Found a staircase to the Ecumenical Temple.
  3206 | D:4      | 3206 ||| PLANNING TEMPLE
  3206 | D:4      | 3206 ||| READING scroll labelled ONACHU IKUOTHA.
  3225 | Temple   | Entered the Ecumenical Temple
  3236 | Temple   | 3236 ||| PLANNING D:1-11
  3273 | D:4      | 3273 ||| Stepping ~*~*~tactically~*~*~ (stealth).
  3288 | D:4      | Reached XP level 6. HP: 38/38 MP: 6/6
  3293 | D:4      | 3293 ||| Stepping ~*~*~tactically~*~*~ (hiding).
  3370 | D:4      | Found a shadowy altar of Dithmenos.
  3388 | D:4      | 3388 ||| Stepping ~*~*~tactically~*~*~ (stealth).
  3449 | D:4      | 3449 ||| Stepping ~*~*~tactically~*~*~ (stealth).
  3450 | D:4      | 3450 ||| Stepping ~*~*~tactically~*~*~ (stealth).
  3518 | D:4      | 3518 ||| Stepping ~*~*~tactically~*~*~ (hiding).
  3520 | D:4      | 3520 ||| Stepping ~*~*~tactically~*~*~ (hiding).
  3522 | D:4      | 3522 ||| Stepping ~*~*~tactically~*~*~ (hiding).
  3523 | D:4      | 3523 ||| Stepping ~*~*~tactically~*~*~ (hiding).
  3729 | D:4      | 3729 ||| READING scroll labelled KIYGAI LOYM.
  3730 | D:4      | 3730 ||| DRINKING 5 cyan potions.
  3753 | D:5      | Entered Level 5 of the Dungeon
  3759 | D:5      | 3759 ||| STAIRDANCE
  3833 | D:5      | 3833 ||| FLEEEEING.
  3834 | D:5      | 3834 ||| STAIRDANCE
  3868 | D:5      | Noticed a black bear
  3877 | D:5      | Reached skill level 6 in Axes
  3882 | D:5      | Reached skill level 1 in Dodging
  3882 | D:5      | Reached XP level 7. HP: 22/43 MP: 7/7
  3886 | D:5      | HP: 8/43 [orc/+0 trident (5)]
  3889 | D:5      | Killed from afar by an orc priest

Levels and vault maps discovered:
D:1:      psy_arrival_whirlpool, layout_loops_cross
D:2:      wad_pebble_path, layout_basic, minmay_unequal
D:3:      cheibrodos_old_hovel, layout_loops_corners,
          nicolae_wu_jian_immortal_techniques, trog_three_pillars_becter,
          hellmonk_ecumenical_altar_arch_garden, nrook_mini_backslash,
          uniq_terence
D:4:      layout_rooms, nicolae_dithmenos_the_darkroom,
          minmay_temple_entry_nine_rooms
D:5:      layout_cave_pools, mainiacjoe_overflow_alcove_4, serial_demonic,
          serial_demonic_a, serial_demonic_f, serial_demonic_b,
          serial_demonic_c, serial_demonic_d, serial_demonic_e,
          serial_demonic_c, serial_demonic_a, serial_demonic_c, serial_demonic_f
Temple:   minmay_freezing_vapour_temple

Skill      XL: |  1  2  3  4  5  6 |
---------------+-------------------+-----
Axes           | 2 3 4 5 6 |  6.6
Fighting       | 4 |  4.0
Dodging        | 1 |  1.5
Armour         | |  3.2
Shields        | |  3.2

Action                     |  1- 3 |  4- 6 |  7- 9 || total
---------------------------+-------+-------+-------++-------
  Melee: War axe           |    96 |   191 |     8 ||   295
    Use: Scroll            |     1 |     9 |       ||    10
         Potion            |       |     1 |       ||     1
 Armour: Scale mail        |    47 |    17 |       ||    64
         Plate armour      |       |   145 |    12 ||   157
  Dodge: Dodged            |    41 |    87 |     6 ||   134
  Block: Buckler           |    12 |    34 |     3 ||    49

Table legend:
 A = Non-vault XP
 B = Vault XP
 C = Vault XP percentage of total XP
 D = Non-vault monster count
 E = Vault monster count
 F = Vault count percentage of total count
                 A         B        C        D         E       F
            +---------+---------+-------+---------+---------+-------
      Total |     712 |      98 |  12.1 |     103 |      11 |   9.6
            +---------+---------+-------+---------+---------+-------
        D:1 |      40 |       0 |   0.0 |      22 |       0 |   0.0
        D:2 |      85 |       3 |   3.4 |      23 |       2 |   8.0
        D:3 |      72 |      33 |  31.4 |      22 |       2 |   8.3
        D:4 |     201 |       0 |   0.0 |      28 |       0 |   0.0
        D:5 |     314 |      62 |  16.5 |       8 |       7 |  46.7
            +---------+---------+-------+---------+---------+-------
